 Dungeon Crawl Stone Soup version 0.19-a0-854-gc78d25d (webtiles) character file.

46 Implojin the Chopper (level 3, -3/46 HPs)
             Began as a Minotaur Fighter on July 2, 2016.
             Was an Initiate of Okawaru.
             Killed by divine providence
             ... invoked by an orc priest
              (8 damage)
             ... on level 5 of the Dungeon.
             The game lasted 00:03:11 (610 turns).

Implojin the Chopper (Minotaur Fighter)              Turns: 610, Time: 00:03:12

Health: -3/46      AC:  1    Str: 25    XL:     3   Next: 46%
Magic:  2/2        EV:  6    Int:  5    God:    Okawaru [......]
Gold:   12         SH:  9    Dex: 10    Spells: 0 memorised, 2 levels left

rFire  . . .     SeeInvis .     a - +0 war axe
rCold  . . .     Gourm    .     o - +0 chain mail
rNeg   . . .     Faith    .     c - +0 shield
rPois  .         Spirit   .     (helmet restricted)
rElec  .         Dismiss  +     (no cloak)
rCorr  .         Reflect  .     (no gloves)
SustAt .         Harm     .     (no boots)
MR     .....                    e - amulet of dismissal
Stlth  ..........               (no ring)
                                (no ring)

@: berserking, corroded, very quick, not resistant to hostile enchantments,
extremely unstealthy
A: retaliatory headbutt, horns 2
a: Renounce Religion


You were on level 5 of the Dungeon.
You worshipped Okawaru.
Okawaru was noncommittal.
You were not hungry.

You visited 2 branches of the dungeon, and saw 6 of its levels.

You collected 12 gold pieces.

Inventory:

Hand Weapons
 a - a +0 war axe (weapon)
Armour
 b - a +0 scale mail
 c - a +0 shield (worn)
 k - a +0 leather armour of cold resistance
 m - a +1 leather armour of cold resistance
 o - a +0 chain mail (worn)
Jewellery
 e - an amulet of dismissal (around neck)
Scrolls
 l - a scroll of random uselessness
Potions
 i - a potion of brilliance
 j - 2 potions of cancellation {unknown}
 q - a potion of berserk rage
Comestibles
 f - 2 bread rations
 p - a royal jelly


   Skills:
 - Level 3.6 Fighting
 * Level 4.7 Axes
 - Level 3.6 Armour
 - Level 3.6 Shields


You had 2 spell levels left.
You didn't know any spells.

Dungeon Overview and Level Annotations

Branches:
Dungeon (5/15)             Temple (1/1) D:5

Altars:
Ashenzari
Cheibriados
Dithmenos
Elyvilon
Fedhas
Gozag
Hepliaklqana
Kikubaaqudgha
Makhleb
Nemelex Xobeh
Okawaru
Pakellas
Qazlal
Ru
Sif Muna
Trog
Uskayaw
Vehumet
Xom
Zin
The Shining One

Annotations:
D:3 Terence
D:4 Implojin's ghost, weakling MiFi


Innate Abilities, Weirdness & Mutations

You reflexively headbutt those who attack you in melee.
You have a pair of horns on your head.


Message History

You aren't carrying any rechargeable items.
As you read the scroll labeled TUISCHY ETUV, it crumbles to dust.
You feel strangely unstable.
It was a scroll of teleportation.
You climb upwards.
Welcome back to the Dungeon!
The jelly hits you but does no damage. You block the orc's attack.
The orc priest mumbles some strange prayers to Beogh against you.
Beogh smites you! The jelly hits you but does no damage.
An adder comes into view.
The adder hisses angrily.
There is a staircase to the Ecumenical Temple here.
You hit the jelly. The acid corrodes you!
Your hands burn!
* * * LOW HITPOINT WARNING * * *
The jelly is lightly wounded.
You slash the orc!
You kill the orc!
Okawaru accepts your kill. The jelly completely misses you.
You furiously retaliate!
You headbutt the jelly!
The orc priest invokes the aid of Beogh against you.
Beogh smites you!
* * * LOW HITPOINT WARNING * * *
Your surroundings suddenly seem different.
The jelly jiggles.
Found a bubbling orange potion.
j - 2 bubbling orange potions (gained 1)
A red film seems to cover your vision as you go berserk!
You feel yourself moving faster!
You feel mighty! The jelly hits you.
* * * LOW HITPOINT WARNING * * *
You are splashed with acid!
The acid corrodes you!
The acid burns!
* * * LOW HITPOINT WARNING * * *
Your amulet of dismissal vibrates suddenly!
The jelly disappears!
Unknown command.
You feel a strong urge to attack something.
The orc shouts!
You hear a shout!
Unknown command.
You barely miss the orc priest.
The orc priest invokes the aid of Beogh against you.
Beogh smites you!
You die...

#)# #...#### #.#
#.......
#.#####.#.....
#.......#####.
#########.##.# #.
#....# #.##.# #.
#ยง##.####.##.### #.
##.##....>o.o....##.
#..@#..o....S.##.##.
#.#.o..........# #.
#...#.###.####.#
#####.# #.# .# #.#
#.# # ..) #..


You could see an orc priest.

Vanquished Creatures
  Robin (D:2)
  An adder (D:3)
  A worm (D:4)
  2 orcs
  8 goblins (D:2)
  3 hobgoblins (D:2)
  3 jackals (D:3)
  A rat (D:3)
20 creatures vanquished.

Notes
Turn   | Place    | Note
-------+----------+-------------------------------------------
     0 | D:1      | Implojin the Minotaur Fighter began the quest for the Orb.
     0 | D:1      | Reached XP level 1. HP: 19/19 MP: 0/0
    69 | D:2      | Noticed Robin
    74 | D:2      | Reached skill level 3 in Axes
    80 | D:2      | Reached XP level 2. HP: 8/26 MP: 1/1
    83 | D:2      | Killed Robin
    90 | D:2      | Reached skill level 4 in Axes
    93 | D:2      | HP: 1/26 [hobgoblin[Robin] (2)]
   114 | D:3      | Reached XP level 3. HP: 4/31 MP: 2/2
   134 | D:3      | Found a faded altar of an unknown god.
   199 | D:5      | Entered Level 5 of the Dungeon
   205 | D:5      | Noticed a phantom
   307 | D:3      | Found a sparkling altar of Nemelex Xobeh.
   309 | D:3      | Noticed Terence
   336 | D:4      | Noticed Implojin's ghost (weakling MiFi)
   373 | D:5      | Found a staircase to the Ecumenical Temple.
   378 | Temple   | Entered the Ecumenical Temple
   583 | Temple   | Became a worshipper of Warmaster Okawaru
   610 | D:5      | Killed from afar by an orc priest

Vault maps used:
D:1:      saegor_arrival_under_anarchy, minmay_pentomino_q2
D:2:      mrwooster_statue_mirror, uniq_robin
D:3:      ecumenical_altar_2, nemelex_xobeh_ov_fountains_minmay, uniq_terence
D:4:      first_bread, serial_shops, shop_scrolls
D:5:      corexii_shack
Temple:   nicolae_temple_the_god_donut

Skill      XL: |  1  2 |
---------------+-------+-----
Axes           | 3 4 |  4.7
Fighting       | |  3.6
Armour         | |  3.6
Shields        | |  3.6

Action                   || total
-------------------------++-------
Melee: War axe           ||    39
       Headbutt          ||     3
  Use: Potion            ||     3
       Scroll            ||     5
Armor: Scale mail        ||    11
       Chain mail        ||     3
Dodge: Dodged            ||    16
Block: Shield            ||    15

Table legend:
 A = Turns spent in this place as a percentage of turns spent in the entire game.
 B = Non-inter-level travel turns spent in this place as a percentage of non-inter-level travel turns spent in the entire game.
 C = Inter-level travel turns spent in this place as a percentage of turns spent in this place.
 D = Turns resting spent in this place as a percentage of non-inter-level travel turns spent in this place.
 E = Turns spent auto-exploring this place as a percentage of non-inter-level travel turns spent in this place.
 F = Non-inter-level travel turns spent in this place divided by the number of levels of this place that you've seen.
                   A       B       C       D       E      F
               +-------+-------+-------+-------+-------+----------------------
         Total | 100.0 | 100.0 |   0.0 |   0.5 |   0.0 |  70.5
       Dungeon |  81.8 |  81.8 |   0.0 |   0.0 |   0.0 |  69.2
        Temple |  18.2 |  18.2 |   0.0 |   2.6 |   0.0 |  77.0
               +-------+-------+-------+-------+-------+----------------------

Table legend:
 A = Kills in this place as a percentage of kills in entire the game.
 B = Kills by you in this place as a percentage of kills by you in the entire game.
 C = Kills by friends in this place as a percentage of kills by friends in the entire game.
 D = Other kills in this place as a percentage of other kills in the entire game.
 E = Experience gained in this place as a percentage of experience gained in the entire game.
 F = Experience gained in this place divided by the number of levels of this place that you have seen.
                   A       B       C       D       E      F
               +-------+-------+-------+-------+-------+----------------------
         Total | 100.0 | 100.0 |  -nan |  -nan | 100.0 |  11.2
       Dungeon | 100.0 | 100.0 |  -nan |  -nan | 100.0 |  13.4
               +-------+-------+-------+-------+-------+----------------------
